 Dungeon Crawl Stone Soup version 0.31-a0-426-g3a05650e59 (webtiles) character file.

Game seed: 18260711972266718056

2561 floatRand the Grappler (level 9, 0/64 HPs)
             Began as a Green Draconian Shapeshifter on July 30, 2023.
             Slain by a slime creature (18 damage)
             ... on level 6 of the Dungeon.
             The game lasted 00:09:03 (6017 turns).

floatRand the Grappler (DrSh)                       Turns: 6017, Time: 00:09:03

Health: 0/64       AC:  7    Str: 18    XL:     9   Next: 31%
Magic:  9/9        EV: 12    Int:  8    God:
Gold:   377        SH:  0    Dex: 16    Spells: 8/8 levels left

rFire   . .          .
                       - Unarmed
rCold   . . .        (no shield)
rNeg    . . .        (body armour unavailable)
rPois   +            (helmet currently unavailable)
rElec   .            (cloak currently unavailable)
rCorr   .            (gloves currently unavailable)
SInv    .            (boots currently unavailable)
Will    .....        f - amulet of faith
Stlth   +            m - ring of flight
HPRegen 0.30/turn    (no ring)
MPRegen 0.11/turn

%: faith
@: beast-form, flying, invisible
A: beast (slay +4), breathe noxious fumes, AC +7, unfitting armour, poison
resistance, cold-blooded
a: Breathe Noxious Fumes, Begin Untransformation


You were on level 6 of the Dungeon.
You were a hulking beast.
You visited 1 branch of the dungeon, and saw 7 of its levels.

You collected 377 gold pieces.

Inventory:

Missiles
 v - 2 throwing nets
Armour
 k - a +1 cloak
 l - a +2 cloak
Jewellery
 f - an amulet of faith (around neck)
 m - a ring of flight (left hand)
Talismans
 b - a beast talisman (active)
 g - a blade talisman
Wands
 r - a wand of digging (8)
Scrolls
 e - 3 scrolls of immolation
 h - a scroll of enchant armour
 i - a scroll of revelation
 n - a scroll of enchant weapon
 t - 3 scrolls of teleportation
 w - a scroll of identify
Potions
 a - a potion of lignification
 c - a potion of brilliance {unknown}
 d - a potion of invisibility
 j - a potion of mutation {unknown}
 o - a potion of resistance
 p - a potion of haste
 q - 2 potions of might
 s - 3 potions of heal wounds {unknown}
 u - a potion of ambrosia {unknown}


   Skills:
 - Level 1.1 Fighting
 - Level 1.7 Dodging
 * Level 10.7 Unarmed Combat
 + Level 6.9 Shapeshifting


You had 8 spell levels left.
You didn't know any spells.
Your spell library contained the following spells:

 Spells                   Type           Power      Damage    Failure   Level
 Shock                    Conj/Air       0%         1d3       41%         1
 Slow                     Hex            0%         N/A       41%         1
 Confusing Touch          Hex            0%         N/A       78%         3
 Hailstorm                Conj/Ice       0%         3d3       78%         3
 Stone Arrow              Conj/Erth      0%         3d7       78%         3
 Swiftness                Air            0%         N/A       78%         3
 Vampiric Draining        Necr           0%         2d6       78%         3
 Airstrike                Air            0%         2d(0-16)  99%         4
 Summon Ice Beast         Ice/Summ       0%         N/A       99%         4
 Simulacrum               Ice/Necr       0%         N/A       100%        6
 Lehudib's Crystal Spear  Conj/Erth      0%         10d2      100%        8
 Animate Armour           Summ/Erth      Unusable   N/A       N/A         4

Dungeon Overview and Level Annotations

Branches:
Dungeon (7/15)
 Temple: D:4-7

Altars:
Elyvilon
Fedhas
Hepliaklqana
Makhleb
Qazlal
Trog
Yredelemnul


Innate Abilities, Weirdness & Mutations

You are a hulking beast.
Your limbs bulge with bestial killing power. (Slay +4)
You can breathe blasts of noxious fumes.
Your lurid green scales are hard. (AC +7)
You cannot fit into any form of body armour.
Your system is resistant to poisons. (rPois)
You are cold-blooded and may be slowed by cold attacks.


Message History

You tail-slap the slime creature, but do no damage.
The slime creature is moderately wounded.
The slime creature barely misses you.
Unknown command.
You fade into invisibility!
You have got your breath back.
The endoplasm hits you. The slime creature hits you!!
* * * LOW HITPOINT WARNING * * *
Unknown command.
The endoplasm attacks as you move away! The endoplasm barely misses you.
Okay, then.
You punch the endoplasm!
You kill the endoplasm!
Unknown command.
You are no longer corroded.
Things that are here:
a +0 dagger; 3 stones; a kobold corpse
There is a stone staircase leading up here.
The slime creature closely misses you.
You fly upwards.
There is a stone staircase leading down here.
Unknown command.
You catch the helpless slime creature completely off-guard!
You hit the slime creature.
You tail-slap the slime creature, but do no damage.
The slime creature is moderately wounded.
The slime creature hits you!
* * * LOW HITPOINT WARNING * * *
You hit the slime creature. You tail-slap the slime creature.
The slime creature is moderately wounded.
You barely miss the slime creature.
The slime creature is moderately wounded.
The slime creature hits you but does no damage.
You hit the slime creature but do no damage.
The slime creature is moderately wounded.
The slime creature hits you but does no damage.
You barely miss the slime creature. You tail-slap the slime creature.
The slime creature is moderately wounded.
The slime creature hits you!!
You die...

#......................
#...<...........#.)....
#.................#..##
#........#.......###..#
#........#.......####.#
#........#..))....# #.#
##########...##).)..###.#
#....######..##..#.......
#.##>..Jh[........#..##.#
#.#########[..........#.#
#.# ##..###.##..#.( #)##
#............# #..#
#######.......#.#..
####.####..<.......#.......
#.........##.......###.....
#.........##.....(.###....#
#.......>.##.......#.......


You could see a slime creature (unable to see you).

Vanquished Creatures
  2 orc warriors
  An ogre (D:4)
  2 sky beasts (D:7)
  A centaur (D:5)
  5 phantoms
  A gnoll sergeant (D:6)
  6 scorpions
  4 wights
  A howler monkey (D:5)
  4 hounds
  4 orc priests
  5 jellies
  4 iguanas
  5 orc wizards
  3 sleepcaps
  12 gnolls
  8 adders
  A white imp (D:6)
  3 worms
  19 orcs
  6 ball pythons
  15 endoplasms
  4 giant cockroaches
  9 goblins
  3 hobgoblins
  2 jackals (D:1)
  A quokka (D:2)
  5 bats
  5 frilled lizards
  9 kobolds
  9 rats
159 creatures vanquished.

Vanquished Creatures (others)
  An orc wizard (D:7)
1 creature vanquished.

Grand Total: 160 creatures vanquished

Notes
Turn   | Place    | Note
-------+----------+-------------------------------------------
     0 | D:1      | floatRand the Draconian Shapeshifter began the quest for
                  | the Orb.
     0 | D:1      | Reached XP level 1. HP: 16/16 MP: 1/1
   196 | D:1      | Reached XP level 2. HP: 21/23 MP: 2/2
   793 | D:2      | Reached XP level 3. HP: 28/28 MP: 3/3
   797 | D:2      | Reached skill level 4 in Unarmed Combat
  1193 | D:2      | Reached XP level 4. HP: 30/35 MP: 4/4
  1592 | D:3      | Reached skill level 5 in Unarmed Combat
  1592 | D:3      | Reached XP level 5. HP: 34/40 MP: 5/5
  2424 | D:4      | Reached XP level 6. HP: 47/47 MP: 6/6
  2499 | D:4      | Reached skill level 6 in Unarmed Combat
  2628 | D:4      | Your scales start taking on a lurid green colour.
  2628 | D:4      | Reached XP level 7. HP: 29/52 MP: 7/7
  2628 | D:4      | Gained mutation: Your system is resistant to poisons.
                  | (rPois) [Green Draconian growth]
  2734 | D:4      | Reached skill level 7 in Unarmed Combat
  3328 | D:5      | Entered Level 5 of the Dungeon
  3340 | D:5      | Found a bloodstained altar of Trog.
  3475 | D:5      | Reached skill level 5 in Shapeshifting
  3583 | D:5      | Found a stormy altar of Qazlal.
  3588 | D:5      | Found a blossoming altar of Fedhas.
  3778 | D:5      | Reached skill level 8 in Unarmed Combat
  3944 | D:5      | Reached XP level 8. HP: 29/59 MP: 8/8
  4486 | D:6      | Found a white marble altar of Elyvilon.
  4542 | D:6      | Found a hazy altar of Hepliaklqana.
  4542 | D:6      | Found a burning altar of Makhleb.
  4545 | D:6      | Reached skill level 9 in Unarmed Combat
  4610 | D:6      | Found a basalt altar of Yredelemnul.
  5353 | D:6      | Reached skill level 10 in Unarmed Combat
  5440 | D:6      | Reached XP level 9. HP: 54/64 MP: 9/9
  6017 | D:6      | Slain by a slime creature

Illustrated notes

Levels and vault maps discovered:
D:1:      wander_arrival_chamber, layout_loops_ring, serial_forest,
          infiniplex_forest_clump_tiny, infiniplex_forest_zigzag_2,
          infiniplex_forest_clump_tiny, infiniplex_forest_straight_3,
          infiniplex_forest_lined_corner, infiniplex_forest_end_2,
          infiniplex_forest_end_3
D:2:      layout_loops_ring
D:3:      layout_loops_ring
D:4:      layout_loops_ring
D:5:      layout_basic, grunt_temple_overflow_forces_of_nature,
          trog_hazing_becter
D:6:      layout_rooms, mainiacjoe_overflow_divided_tiny, kennysheep_ying_yang
D:7:      lemuel_slime, layout_cave_pools, lemuel_temple_firewalk_b,
          serial_column_ruins, column_ruins_open_tiny,
          column_ruins_columns_straight, column_ruins_columns_plus,
          column_ruins_open_small, column_ruins_grid_3

Skill      XL: |  1  2  3  4  5  6  7  8 |
---------------+-------------------------+-----
Unarmed Combat | 4 5 6 8 10 | 10.7
Shapeshifting  | 4 5 6 |  6.9
Fighting       | |  1.1
Dodging        | |  1.7

Action                     |  1- 3 |  4- 6 |  7- 9 || total
---------------------------+-------+-------+-------++-------
  Melee: Unarmed           |    92 |   114 |   242 ||   448
         Tailslap          |     4 |     6 |    49 ||    59
         Punch             |     3 |     3 |    11 ||    17
Ability: Breathe Noxious F |       |       |    24 ||    24
    Use: Scroll            |       |       |    14 ||    14
         Potion            |       |       |     1 ||     1
   Stab: Sleeping          |     5 |     2 |     1 ||     8
         Confused          |       |       |    12 ||    12
         Invisible         |       |       |     1 ||     1
 Armour: Skin              |    26 |    24 |    66 ||   116
  Dodge: Dodged            |    61 |    71 |   123 ||   255

Table legend: (Time is in decaauts)
 A = Elapsed time spent in this place.
 B = Non-inter-level travel time spent in this place.
 C = Inter-level travel time spent in this place.
 D = Time resting spent in this place.
 E = Time spent auto-exploring this place.
 F = Levels seen in this place.
 G = Mean time per level.
                   A        B        C        D        E       F      G
               +--------+--------+--------+--------+--------+-----+--------+
         Total |   5964 |   5849 |    115 |   1203 |   3126 |   7 |  852.0 |
       Dungeon |   5964 |   5849 |    115 |   1203 |   3126 |   7 |  852.0 |
               +--------+--------+--------+--------+--------+-----+--------+

Top non-repeatable levels by time:
     D:5: 1476 daAuts
     D:6: 1003 daAuts
     D:4: 930 daAuts
     D:2: 925 daAuts
     D:1: 782 daAuts
     D:3: 668 daAuts
     D:7: 176 daAuts
